Devils vs Avalanche

Created - 3 décembre 2017 at 22:24

Goals
1 2 3 T
Devils 1 1 0 2
Avalanche 1 1 1 3
Shots
1 2 3 T
Devils 14 9 6 29
Avalanche 7 11 10 28

1st period

1. Devils , Shayne Gostisbehere 4 (Nikolay Kulemin 4) at 7:36
2. Avalanche , Derek Stepan 9 (Kevin Shattenkirk 16, Mats Zuccarello 18) at 13:19

Penalties :
Sami Vatanen (COL) for Interference (Minor) at 10:59

2nd period

3. Devils , Ales Hemsky 7 (Justin Schultz 11, Scott Wilson 5) at 5:05
4. Avalanche , Alexander Steen 10 (Mats Zuccarello 19, Zach Werenski 14) at 15:41

Penalties :
Dustin Brown (NJD) for High sticking (Minor) at 12:17

3rd period

5. Avalanche , Zach Werenski 3 (Max Domi 6, Deryk Engelland 5) at 18:22

Penalties :
Anton Stralman (NJD) for Boarding (Minor) at 2:47, Brandon Carlo (COL) for Hooking (Minor) at 11:38, Chris Terry (NJD) for Hooking (Minor) at 11:38

Goalie Stats

Michal Neuvirth (NJD), 25 saves from 28 shots - (0.893), L, 3-15-3, 59:17 minutes
Jimmy Howard (COL), 27 saves from 29 shots - (0.931), W, 8-5-0, 60:00 minutes

Players Stats for Devils

Player Name              G  A  P  +/- PIM S  H  SB GA TA FO     MP     PP MP  PK MP  
------------------------------------------------------------------------------------
Adam Pardy               0  0  0  -1  0   0  0  0  0  0  0/0    14:48   0:00   0:32 
Ales Hemsky              1  0  1   1  0   3  0  0  0  0  0/0    12:29   0:00   0:00 
Anton Stralman           0  0  0   0  2   1  1  0  0  0  0/0    22:18   0:39   0:42 
Boyd Gordon              0  0  0   1  0   1  0  0  0  0  8/16   12:14   0:00   0:56 
Chris Terry              0  0  0  -1  2   1  0  0  0  0  0/0     8:08   0:00   0:52 
Darren Helm              0  0  0   1  0   4  3  0  0  0  9/16   18:13   1:20   1:14 
Dougie Hamilton          0  0  0   0  0   2  1  3  0  0  0/0    22:09   1:20   2:30 
Drew Stafford            0  0  0   1  0   1  0  0  0  0  0/3    16:46   1:20   0:00 
Dustin Brown             0  0  0  -2  2   2  0  0  0  0  0/2    19:57   0:39   1:02 
Jordan Staal             0  0  0  -2  0   4  0  0  0  0  12/30  22:38   0:39   2:44 
Justin Schultz           0  1  1   0  0   2  0  0  0  0  0/0    23:23   0:39   2:00 
Mike Cammalleri          0  0  0  -2  0   1  0  0  0  0  1/2    20:20   0:39   0:46 
Nikolay Kulemin          0  1  1   1  0   2  0  1  0  0  0/0    16:46   1:20   0:00 
Pavel Zacha              0  0  0  -1  0   0  0  0  0  0  4/12    8:18   0:00   0:22 
Rocco Grimaldi           0  0  0  -1  0   1  0  0  0  0  0/0     7:17   0:00   0:00 
Scott Wilson             0  1  1   1  0   0  2  0  0  0  0/0    11:12   0:00   0:00 
Shayne Gostisbehere      1  0  1   0  0   4  1  0  0  0  0/0    21:59   1:20   1:47 
Steven Kampfer           0  0  0  -1  0   0  2  3  0  0  0/0    15:05   0:00   0:25 

Players Stats for Avalanche

Player Name              G  A  P  +/- PIM S  H  SB GA TA FO     MP     PP MP  PK MP  
------------------------------------------------------------------------------------
Alexander Steen          1  0  1   2  0   3  1  0  0  0  1/2    14:50   0:00   0:16 
Alexandre Burrows        0  0  0   0  0   0  0  0  0  0  0/0     5:01   0:00   0:00 
Brandon Carlo            0  0  0   0  2   0  1  0  0  0  0/0    18:28   0:00   1:12 
Derek Stepan             1  0  1   2  0   4  0  0  0  0  12/23  21:33   1:37   0:00 
Deryk Engelland          0  1  1   0  0   0  4  0  0  0  0/0    17:51   0:00   0:47 
Dylan Larkin             0  0  0  -1  0   2  2  1  0  0  0/1    18:17   1:30   0:00 
Jaccob Slavin            0  0  0   0  0   1  1  2  0  0  0/0    17:32   0:00   0:56 
Jeff Skinner             0  0  0   0  0   1  1  0  0  0  0/0    19:29   1:37   0:22 
Kevin Shattenkirk        0  1  1   1  0   0  3  2  0  0  0/0    20:54   1:37   0:16 
Martin Hanzal            0  0  0   0  0   2  5  0  0  0  13/21  20:46   2:21   1:21 
Mats Zuccarello          0  2  2   2  0   2  2  0  0  0  0/0    17:52   2:21   0:00 
Matt Cullen              0  0  0   0  0   1  0  0  0  0  6/9     8:04   2:21   0:31 
Max Domi                 0  1  1  -1  0   2  0  0  0  0  0/1    16:06   0:00   0:00 
Mitch Marner             0  0  0   0  0   3  0  0  0  0  0/1    16:30   0:07   0:00 
Sami Vatanen             0  0  0   0  2   2  4  4  0  0  0/0    20:18   2:21   0:00 
Tomas Hertl              0  0  0  -1  0   1  0  1  0  0  15/23  17:34   0:00   1:28 
Tyson Barrie             0  0  0   1  0   1  0  0  0  0  0/0     5:27   2:21   0:00 
Zach Werenski            1  1  2   0  0   3  1  0  0  0  0/0    19:28   1:37   0:47 

3 Stars

1 - Mats Zuccarello (COL)
2 - Zach Werenski (COL)
3 - Alexander Steen (COL)

Power Play

Devils - 0 on 1 Attempt(s) - 0.00%
Avalanche - 0 on 2 Attempt(s) - 0.00%

Penalty Kill

Devils - 2 on 2 Attempt(s) - 100.00% - Score 0 goal in Penalty Kill
Avalanche - 1 on 1 Attempt(s) - 100.00% - Score 0 goal in Penalty Kill

Team Stat

Devils - Hits : 10 - Faceoff Wins : 34 - Blocked Shots : 7 - Penalty Minutes : 6
Avalanche - Hits : 25 - Faceoff Wins : 47 - Blocked Shots : 10 - Penalty Minutes : 4

Official

Referees : Francis Charron and Brad Watson
Linesman : Bryan Pancich and Pierre Racicot

Game Notes

No Game Note

Finance

Level 1 -- Attendance: 5975 (91.92%) -- Ticket Income 609 450 $
Level 2 -- Attendance: 5000 (100.00%) -- Ticket Income 375 000 $
Level 3 -- Attendance: 3098 (88.51%) -- Ticket Income 170 390 $
Level 4 -- Attendance: 2007 (100.00%) -- Ticket Income 90 315 $
Luxury Box -- Attendance: 969 (96.90%) -- Ticket Income 193 800 $
Game was played at the Pepsi Center.
Total Attendance: 17049 (94.68%)
Total Ticket Income: 1 438 955 $
Other Income: 215 843 $
Total Income: 1 654 798 $

% Time on Ice - Devils

Lines # - Real PCT - Wanted PCT - Time Play
Normal Forward
1 - 35% - 40% - 17:43
2 - 30% - 30% - 15:26
3 - 21% - 20% - 10:39
4 - 14% - 10% - 7:17
Normal Defense
1 - 37% - 40% - 18:40
2 - 36% - 30% - 18:18
3 - 25% - 20% - 12:41
4 - 3% - 10% - 1:26
PP Forward
1 - 33% - 60% - 0:39
2 - 67% - 40% - 1:20
PP Defense
1 - 33% - 60% - 0:39
2 - 67% - 40% - 1:20
PK Forward
1 - 81% - 60% - 3:12
2 - 19% - 40% - 0:46
PK Defense
1 - 55% - 60% - 2:11
2 - 45% - 40% - 1:47
PK3 Forward
1 - 0% - 60%
2 - 0% - 40%
PK3 Defense
1 - 0% - 60%
2 - 0% - 40%
44 Forward
1 - 89% - 60% - 1:46
2 - 11% - 40% - 0:13
44 Defense
1 - 72% - 60% - 1:26
2 - 28% - 40% - 0:33
Last Minute Offensive  - 0:59
Last Minute Defensive  - 0:00
Total
Forward - 60:00
Defense - 60:00

% Time on Ice - Avalanche

Lines # - Real PCT - Wanted PCT - Time Play
Normal Forward
1 - 28% - 35% - 14:34
2 - 31% - 30% - 16:23
3 - 31% - 25% - 16:06
4 - 10% - 10% - 5:01
Normal Defense
1 - 31% - 35% - 15:55
2 - 30% - 32% - 15:46
3 - 33% - 30% - 17:17
4 - 6% - 3% - 3:06
PP Forward
1 - 59% - 50% - 2:21
2 - 41% - 50% - 1:37
PP Defense
1 - 41% - 50% - 1:37
2 - 59% - 50% - 2:21
PK Forward
1 - 82% - 60% - 1:37
2 - 18% - 40% - 0:22
PK Defense
1 - 61% - 60% - 1:12
2 - 39% - 40% - 0:47
PK3 Forward
1 - 0% - 60%
2 - 0% - 40%
PK3 Defense
1 - 0% - 60%
2 - 0% - 40%
44 Forward
1 - 34% - 50% - 0:41
2 - 66% - 50% - 1:18
44 Defense
1 - 34% - 50% - 0:41
2 - 66% - 50% - 1:18
Last Minute Offensive  - 0:00
Last Minute Defensive  - 0:00
Total
Forward - 60:00
Defense - 60:00

Play by Play

1st period


0:01 of 1st period - Derek Stepan wins face-off versus Jordan Staal in neutral zone.
0:15 of 1st period - Shot by Derek Stepan.
0:15 of 1st period - Shot Misses the Net.
0:34 of 1st period - Mike Cammalleri is hit by Jaccob Slavin and loses puck.
0:37 of 1st period - Shot by Jordan Staal.
0:37 of 1st period - Shot Blocked by Jaccob Slavin.
0:39 of 1st period - Shot by Mike Cammalleri.
0:39 of 1st period - Deflect By Dustin Brown.
0:39 of 1st period - Stopped by Jimmy Howard without a rebound.
0:40 of 1st period - Martin Hanzal wins face-off versus Drew Stafford in Avalanche zone.
1:09 of 1st period - Darren Helm is hit by Deryk Engelland and loses puck.
1:33 of 1st period - Dylan Larkin is hit by Steven Kampfer and loses puck.
2:00 of 1st period - Shot by Tomas Hertl.
2:00 of 1st period - Stopped by Michal Neuvirth without a rebound.
2:01 of 1st period - Matt Cullen wins face-off versus Pavel Zacha in Devils zone.
2:30 of 1st period - Shot by Chris Terry.
2:30 of 1st period - Stopped by Jimmy Howard without a rebound.
2:31 of 1st period - Martin Hanzal wins face-off versus Jordan Staal in Avalanche zone.
2:50 of 1st period - Icing by Brandon Carlo.
2:51 of 1st period - Darren Helm wins face-off versus Martin Hanzal in Avalanche zone.
3:06 of 1st period - Shot by Mitch Marner.
3:06 of 1st period - Shot Misses the Net.
3:48 of 1st period - Shot by Jordan Staal.
3:48 of 1st period - Shot Blocked by Kevin Shattenkirk.
3:52 of 1st period - Shot by Shayne Gostisbehere.
3:52 of 1st period - Stopped by Jimmy Howard without a rebound.
3:53 of 1st period - Tomas Hertl wins face-off versus Boyd Gordon in Avalanche zone.
4:16 of 1st period - Icing by Steven Kampfer.
4:17 of 1st period - Boyd Gordon wins face-off versus Derek Stepan in Devils zone.
5:03 of 1st period - Dustin Brown is hit by Kevin Shattenkirk and loses puck.
5:30 of 1st period - Shot by Darren Helm.
5:30 of 1st period - Stopped by Jimmy Howard with a rebound.
5:37 of 1st period - Nikolay Kulemin is hit by Kevin Shattenkirk and loses puck.
6:25 of 1st period - Icing by Zach Werenski.
6:26 of 1st period - Tomas Hertl wins face-off versus Boyd Gordon in Avalanche zone.
6:26 of 1st period - Tomas Hertl is hit by Scott Wilson.
6:44 of 1st period - Shot by Dylan Larkin.
6:44 of 1st period - Stopped by Michal Neuvirth without a rebound.
6:45 of 1st period - Jordan Staal wins face-off versus Martin Hanzal in Devils zone.
7:12 of 1st period - Shot by Anton Stralman.
7:12 of 1st period - Shot Blocked by Sami Vatanen.
7:14 of 1st period - Shot by Anton Stralman.
7:14 of 1st period - Stopped by Jimmy Howard without a rebound.
7:15 of 1st period - Tomas Hertl wins face-off versus Darren Helm in Avalanche zone.
7:34 of 1st period - Shot by Shayne Gostisbehere.
7:34 of 1st period - Shot Blocked by Dylan Larkin.
7:36 of 1st period - Shot by Shayne Gostisbehere.
7:36 of 1st period - Goal by Shayne Gostisbehere - Devils : 1 - Avalanche : 0.
7:37 of 1st period - Martin Hanzal wins face-off versus Pavel Zacha in neutral zone.
7:56 of 1st period - Shot by Jeff Skinner.
7:56 of 1st period - Deflect By Mitch Marner.
7:56 of 1st period - Shot Blocked by Steven Kampfer.
7:58 of 1st period - Shot by Sami Vatanen.
7:58 of 1st period - Stopped by Michal Neuvirth without a rebound.
7:59 of 1st period - Tomas Hertl wins face-off versus Jordan Staal in Devils zone.
8:14 of 1st period - Shot by Zach Werenski.
8:14 of 1st period - Stopped by Michal Neuvirth without a rebound.
8:15 of 1st period - Matt Cullen wins face-off versus Darren Helm in Devils zone.
8:32 of 1st period - Shot by Alexandre Burrows.
8:32 of 1st period - Shot Misses the Net.
8:34 of 1st period - Shot by Brandon Carlo.
8:34 of 1st period - Shot Misses the Net.
8:37 of 1st period - Matt Cullen is hit by Shayne Gostisbehere and loses puck.
8:48 of 1st period - Shot by Matt Cullen.
8:48 of 1st period - Stopped by Michal Neuvirth without a rebound.
8:49 of 1st period - Jordan Staal wins face-off versus Martin Hanzal in Devils zone.
8:51 of 1st period - Justin Schultz is hit by Jeff Skinner and loses puck.
9:11 of 1st period - Icing by Zach Werenski.
9:12 of 1st period - Martin Hanzal wins face-off versus Boyd Gordon in Avalanche zone.
9:12 of 1st period - Jeff Skinner is hit by Scott Wilson and loses puck.
9:21 of 1st period - Adam Pardy is hit by Martin Hanzal and loses puck.
10:28 of 1st period - Shot by Mike Cammalleri.
10:28 of 1st period - Shot Misses the Net.
10:59 of 1st period - Minor Penalty to Sami Vatanen for Interference.
11:00 of 1st period - Darren Helm wins face-off versus Martin Hanzal in Avalanche zone.
11:03 of 1st period - Shot by Darren Helm.
11:03 of 1st period - Stopped by Jimmy Howard without a rebound.
11:04 of 1st period - Darren Helm wins face-off versus Tomas Hertl in Avalanche zone.
11:07 of 1st period - Shot by Shayne Gostisbehere.
11:07 of 1st period - Stopped by Jimmy Howard without a rebound.
11:08 of 1st period - Tomas Hertl wins face-off versus Darren Helm in Avalanche zone.
11:08 of 1st period - Tomas Hertl is hit by Darren Helm.
11:30 of 1st period - Shot by Dougie Hamilton.
11:30 of 1st period - Stopped by Jimmy Howard with a rebound.
11:32 of 1st period - Shot by Nikolay Kulemin.
11:32 of 1st period - Stopped by Jimmy Howard without a rebound.
11:33 of 1st period - Tomas Hertl wins face-off versus Jordan Staal in Avalanche zone.
12:11 of 1st period - Shot by Mike Cammalleri.
12:11 of 1st period - Stopped by Jimmy Howard without a rebound.
12:12 of 1st period - Matt Cullen wins face-off versus Darren Helm in Avalanche zone.
12:48 of 1st period - Shot by Alexander Steen.
12:48 of 1st period - Shot Blocked by Dougie Hamilton.
13:17 of 1st period - Shot by Derek Stepan.
13:17 of 1st period - Shot Misses the Net.
13:19 of 1st period - Shot by Derek Stepan.
13:19 of 1st period - Goal by Derek Stepan - Devils : 1 - Avalanche : 1.
13:20 of 1st period - Martin Hanzal wins face-off versus Jordan Staal in neutral zone.
13:36 of 1st period - Dustin Brown is hit by Martin Hanzal and loses puck.
14:46 of 1st period - Shot by Shayne Gostisbehere.
14:46 of 1st period - Stopped by Jimmy Howard without a rebound.
14:47 of 1st period - Tomas Hertl wins face-off versus Drew Stafford in Avalanche zone.
14:54 of 1st period - Shot by Kevin Shattenkirk.
14:54 of 1st period - Shot Misses the Net.
15:31 of 1st period - Icing by Nikolay Kulemin.
15:32 of 1st period - Darren Helm wins face-off versus Derek Stepan in Devils zone.
15:39 of 1st period - Shot by Mats Zuccarello.
15:39 of 1st period - Stopped by Michal Neuvirth with a rebound.
15:41 of 1st period - Shot by Mats Zuccarello.
15:41 of 1st period - Shot Blocked by Dougie Hamilton.
16:50 of 1st period - Off-side.
16:51 of 1st period - Tomas Hertl wins face-off versus Boyd Gordon in neutral zone.
17:18 of 1st period - Shot by Scott Wilson.
17:18 of 1st period - Shot Blocked by Jaccob Slavin.
17:20 of 1st period - Shot by Boyd Gordon.
17:20 of 1st period - Stopped by Jimmy Howard without a rebound.
17:21 of 1st period - Pavel Zacha wins face-off versus Derek Stepan in Avalanche zone.
17:30 of 1st period - Shot by Rocco Grimaldi.
17:30 of 1st period - Deflect By Chris Terry.
17:30 of 1st period - Shot Blocked by Sami Vatanen.
17:34 of 1st period - Shot by Justin Schultz.
17:34 of 1st period - Stopped by Jimmy Howard without a rebound.
17:35 of 1st period - Jordan Staal wins face-off versus Martin Hanzal in Avalanche zone.
17:35 of 1st period - Dougie Hamilton is hit by Deryk Engelland and loses puck.
18:42 of 1st period - Icing by Dougie Hamilton.
18:43 of 1st period - Tomas Hertl wins face-off versus Jordan Staal in Devils zone.
19:27 of 1st period - Tomas Hertl is hit by Darren Helm and loses puck.
19:55 of 1st period - Icing by Sami Vatanen.
19:56 of 1st period - Boyd Gordon wins face-off versus Tomas Hertl in Avalanche zone.
19:59 of 1st period - Shot by Ales Hemsky.
19:59 of 1st period - Shot Blocked by Tomas Hertl.
Goals for this period are 1 for Devils vs 1 for Avalanche.
Shots for this period are 14 for Devils vs 7 for Avalanche.

2nd period


0:01 of 2nd period - Derek Stepan wins face-off versus Jordan Staal in neutral zone.
1:31 of 2nd period - Shot by Martin Hanzal.
1:31 of 2nd period - Shot Misses the Net.
1:40 of 2nd period - Icing by Nikolay Kulemin.
1:41 of 2nd period - Darren Helm wins face-off versus Tomas Hertl in Devils zone.
2:04 of 2nd period - Shot by Max Domi.
2:04 of 2nd period - Shot Misses the Net.
2:06 of 2nd period - Shot by Sami Vatanen.
2:06 of 2nd period - Shot Misses the Net.
2:40 of 2nd period - Shot by Kevin Shattenkirk.
2:40 of 2nd period - Shot Blocked by Nikolay Kulemin.
2:42 of 2nd period - Shot by Derek Stepan.
2:42 of 2nd period - Stopped by Michal Neuvirth without a rebound.
2:43 of 2nd period - Martin Hanzal wins face-off versus Jordan Staal in Devils zone.
2:46 of 2nd period - Shot by Mitch Marner.
2:46 of 2nd period - Stopped by Michal Neuvirth with a rebound.
3:05 of 2nd period - Icing by Zach Werenski.
3:06 of 2nd period - Martin Hanzal wins face-off versus Boyd Gordon in Avalanche zone.
3:50 of 2nd period - Icing by Boyd Gordon.
3:51 of 2nd period - Boyd Gordon wins face-off versus Derek Stepan in Devils zone.
3:55 of 2nd period - Off-side.
3:56 of 2nd period - Derek Stepan wins face-off versus Jordan Staal in neutral zone.
4:09 of 2nd period - Shot by Justin Schultz.
4:09 of 2nd period - Stopped by Jimmy Howard without a rebound.
4:10 of 2nd period - Pavel Zacha wins face-off versus Tomas Hertl in Avalanche zone.
4:30 of 2nd period - Icing by Max Domi.
4:31 of 2nd period - Tomas Hertl wins face-off versus Dustin Brown in Avalanche zone.
4:35 of 2nd period - Off-side.
4:36 of 2nd period - Jordan Staal wins face-off versus Derek Stepan in neutral zone.
4:43 of 2nd period - Shot by Jordan Staal.
4:43 of 2nd period - Shot Blocked by Kevin Shattenkirk.
4:45 of 2nd period - Shot by Jordan Staal.
4:45 of 2nd period - Stopped by Jimmy Howard without a rebound.
4:46 of 2nd period - Boyd Gordon wins face-off versus Dylan Larkin in Avalanche zone.
5:05 of 2nd period - Shot by Ales Hemsky.
5:05 of 2nd period - Goal by Ales Hemsky - Devils : 2 - Avalanche : 1.
5:06 of 2nd period - Derek Stepan wins face-off versus Jordan Staal in neutral zone.
5:16 of 2nd period - Off-side.
5:17 of 2nd period - Darren Helm wins face-off versus Martin Hanzal in neutral zone.
5:26 of 2nd period - Drew Stafford is hit by Martin Hanzal.
5:38 of 2nd period - Shot by Jeff Skinner.
5:38 of 2nd period - Shot Misses the Net.
5:40 of 2nd period - Shot by Brandon Carlo.
5:40 of 2nd period - Shot Misses the Net.
5:42 of 2nd period - Shot by Mitch Marner.
5:42 of 2nd period - Stopped by Michal Neuvirth without a rebound.
5:43 of 2nd period - Alexander Steen wins face-off versus Jordan Staal in Devils zone.
5:43 of 2nd period - Alexander Steen is hit by Dougie Hamilton.
5:59 of 2nd period - Shot by Derek Stepan.
5:59 of 2nd period - Shot Misses the Net.
6:12 of 2nd period - Shot by Dustin Brown.
6:12 of 2nd period - Stopped by Jimmy Howard without a rebound.
6:13 of 2nd period - Pavel Zacha wins face-off versus Tomas Hertl in Avalanche zone.
6:47 of 2nd period - Dylan Larkin is hit by Anton Stralman and loses puck.
7:18 of 2nd period - Shot by Nikolay Kulemin.
7:18 of 2nd period - Stopped by Jimmy Howard without a rebound.
7:19 of 2nd period - Derek Stepan wins face-off versus Mike Cammalleri in Avalanche zone.
7:24 of 2nd period - Shot by Alexander Steen.
7:24 of 2nd period - Stopped by Michal Neuvirth without a rebound.
7:25 of 2nd period - Derek Stepan wins face-off versus Jordan Staal in Devils zone.
7:42 of 2nd period - Shot by Alexander Steen.
7:42 of 2nd period - Stopped by Michal Neuvirth without a rebound.
7:43 of 2nd period - Martin Hanzal wins face-off versus Drew Stafford in Devils zone.
7:43 of 2nd period - Mitch Marner is hit by Steven Kampfer and loses puck.
8:10 of 2nd period - Shot by Jeff Skinner.
8:10 of 2nd period - Shot Blocked by Steven Kampfer.
8:12 of 2nd period - Shot by Jeff Skinner.
8:12 of 2nd period - Deflect By Mitch Marner.
8:12 of 2nd period - Stopped by Michal Neuvirth without a rebound.
8:13 of 2nd period - Derek Stepan wins face-off versus Jordan Staal in Devils zone.
8:24 of 2nd period - Shot by Derek Stepan.
8:24 of 2nd period - Stopped by Michal Neuvirth without a rebound.
8:25 of 2nd period - Boyd Gordon wins face-off versus Tomas Hertl in Devils zone.
8:25 of 2nd period - Boyd Gordon is hit by Dylan Larkin.
8:51 of 2nd period - Shot by Ales Hemsky.
8:51 of 2nd period - Shot Misses the Net.
9:04 of 2nd period - Off-side.
9:05 of 2nd period - Jordan Staal wins face-off versus Derek Stepan in neutral zone.
10:23 of 2nd period - Shot by Martin Hanzal.
10:23 of 2nd period - Stopped by Michal Neuvirth without a rebound.
10:24 of 2nd period - Pavel Zacha wins face-off versus Max Domi in Devils zone.
11:33 of 2nd period - Shot by Darren Helm.
11:33 of 2nd period - Stopped by Jimmy Howard without a rebound.
11:34 of 2nd period - Boyd Gordon wins face-off versus Derek Stepan in Avalanche zone.
12:17 of 2nd period - Minor Penalty to Dustin Brown for High sticking.
12:18 of 2nd period - Martin Hanzal wins face-off versus Jordan Staal in Devils zone.
13:01 of 2nd period - Shot by Zach Werenski.
13:01 of 2nd period - Shot Misses the Net.
13:03 of 2nd period - Shot by Dylan Larkin.
13:03 of 2nd period - Stopped by Michal Neuvirth without a rebound.
13:04 of 2nd period - Jordan Staal wins face-off versus Derek Stepan in Devils zone.
13:45 of 2nd period - Icing by Tyson Barrie.
13:46 of 2nd period - Martin Hanzal wins face-off versus Jordan Staal in Avalanche zone.
15:24 of 2nd period - Shot by Rocco Grimaldi.
15:24 of 2nd period - Stopped by Jimmy Howard without a rebound.
15:25 of 2nd period - Matt Cullen wins face-off versus Boyd Gordon in Avalanche zone.
15:35 of 2nd period - Shot by Derek Stepan.
15:35 of 2nd period - Stopped by Michal Neuvirth without a rebound.
15:36 of 2nd period - Derek Stepan wins face-off versus Dustin Brown in Devils zone.
15:41 of 2nd period - Shot by Alexander Steen.
15:41 of 2nd period - Goal by Alexander Steen - Devils : 2 - Avalanche : 2.
15:42 of 2nd period - Jordan Staal wins face-off versus Matt Cullen in neutral zone.
16:08 of 2nd period - Jordan Staal is hit by Brandon Carlo and loses puck.
16:32 of 2nd period - Icing by Matt Cullen.
16:33 of 2nd period - Darren Helm wins face-off versus Matt Cullen in Avalanche zone.
16:33 of 2nd period - Drew Stafford is hit by Sami Vatanen.
16:57 of 2nd period - Shot by Drew Stafford.
16:57 of 2nd period - Stopped by Jimmy Howard without a rebound.
16:58 of 2nd period - Tomas Hertl wins face-off versus Boyd Gordon in Avalanche zone.
17:07 of 2nd period - Shot by Max Domi.
17:07 of 2nd period - Shot Misses the Net.
17:33 of 2nd period - Shot by Dylan Larkin.
17:33 of 2nd period - Shot Misses the Net.
18:17 of 2nd period - Shot by Jeff Skinner.
18:17 of 2nd period - Shot Misses the Net.
18:19 of 2nd period - Shot by Martin Hanzal.
18:19 of 2nd period - Shot Misses the Net.
19:01 of 2nd period - Shot by Jordan Staal.
19:01 of 2nd period - Stopped by Jimmy Howard without a rebound.
19:02 of 2nd period - Tomas Hertl wins face-off versus Darren Helm in Avalanche zone.
19:02 of 2nd period - Tomas Hertl is hit by Darren Helm.
19:19 of 2nd period - Nikolay Kulemin is hit by Deryk Engelland and loses puck.
19:32 of 2nd period - Shot by Darren Helm.
19:32 of 2nd period - Shot Misses the Net.
19:34 of 2nd period - Shot by Steven Kampfer.
19:34 of 2nd period - Shot Misses the Net.
19:48 of 2nd period - Shot by Jordan Staal.
19:48 of 2nd period - Shot Hit the Post.
19:55 of 2nd period - Jordan Staal is hit by Deryk Engelland and loses puck.
Goals for this period are 1 for Devils vs 1 for Avalanche.
Shots for this period are 9 for Devils vs 11 for Avalanche.

3rd period


0:01 of 3rd period - Jordan Staal wins face-off versus Derek Stepan in neutral zone.
0:11 of 3rd period - Icing by Kevin Shattenkirk.
0:12 of 3rd period - Derek Stepan wins face-off versus Darren Helm in Avalanche zone.
0:29 of 3rd period - Shayne Gostisbehere is hit by Mats Zuccarello.
1:48 of 3rd period - Shot by Mike Cammalleri.
1:48 of 3rd period - Deflect By Jordan Staal.
1:48 of 3rd period - Stopped by Jimmy Howard without a rebound.
1:49 of 3rd period - Tomas Hertl wins face-off versus Pavel Zacha in Avalanche zone.
2:02 of 3rd period - Shot by Dylan Larkin.
2:02 of 3rd period - Shot Blocked by Steven Kampfer.
2:20 of 3rd period - Icing by Adam Pardy.
2:21 of 3rd period - Derek Stepan wins face-off versus Pavel Zacha in Devils zone.
2:47 of 3rd period - Minor Penalty to Anton Stralman for Boarding.
2:48 of 3rd period - Jordan Staal wins face-off versus Martin Hanzal in Devils zone.
3:05 of 3rd period - Shot by Tyson Barrie.
3:05 of 3rd period - Stopped by Michal Neuvirth without a rebound.
3:06 of 3rd period - Derek Stepan wins face-off versus Jordan Staal in Devils zone.
4:11 of 3rd period - Shot by Sami Vatanen.
4:11 of 3rd period - Stopped by Michal Neuvirth with a rebound.
4:13 of 3rd period - Shot by Mats Zuccarello.
4:13 of 3rd period - Shot Misses the Net.
4:49 of 3rd period - Shot by Jordan Staal.
4:49 of 3rd period - Stopped by Jimmy Howard without a rebound.
4:50 of 3rd period - Tomas Hertl wins face-off versus Pavel Zacha in Avalanche zone.
5:13 of 3rd period - Shot by Max Domi.
5:13 of 3rd period - Stopped by Michal Neuvirth with a rebound.
5:15 of 3rd period - Shot by Zach Werenski.
5:15 of 3rd period - Stopped by Michal Neuvirth with a rebound.
5:21 of 3rd period - Shot by Max Domi.
5:21 of 3rd period - Stopped by Michal Neuvirth without a rebound.
5:22 of 3rd period - Boyd Gordon wins face-off versus Mitch Marner in Devils zone.
5:50 of 3rd period - Shot by Ales Hemsky.
5:50 of 3rd period - Stopped by Jimmy Howard without a rebound.
5:51 of 3rd period - Derek Stepan wins face-off versus Jordan Staal in Avalanche zone.
6:08 of 3rd period - Dougie Hamilton is hit by Alexander Steen and loses puck.
6:28 of 3rd period - Mike Cammalleri is hit by Sami Vatanen and loses puck.
6:32 of 3rd period - Icing by Brandon Carlo.
6:33 of 3rd period - Darren Helm wins face-off versus Alexander Steen in Avalanche zone.
6:56 of 3rd period - Nikolay Kulemin is hit by Sami Vatanen and loses puck.
7:15 of 3rd period - Shot by Jaccob Slavin.
7:15 of 3rd period - Stopped by Michal Neuvirth without a rebound.
7:16 of 3rd period - Martin Hanzal wins face-off versus Boyd Gordon in Devils zone.
7:33 of 3rd period - Shot by Jeff Skinner.
7:33 of 3rd period - Stopped by Michal Neuvirth without a rebound.
7:34 of 3rd period - Jordan Staal wins face-off versus Tomas Hertl in Devils zone.
8:48 of 3rd period - Shot by Martin Hanzal.
8:48 of 3rd period - Shot Blocked by Dougie Hamilton.
8:50 of 3rd period - Shot by Martin Hanzal.
8:50 of 3rd period - Stopped by Michal Neuvirth with a rebound.
9:25 of 3rd period - Shot by Matt Cullen.
9:25 of 3rd period - Shot Misses the Net.
9:40 of 3rd period - Icing by Sami Vatanen.
9:41 of 3rd period - Darren Helm wins face-off versus Matt Cullen in Avalanche zone.
11:38 of 3rd period - Minor Penalty to Brandon Carlo for Hooking.
11:38 of 3rd period - Minor Penalty to Chris Terry for Hooking.
11:39 of 3rd period - Boyd Gordon wins face-off versus Derek Stepan in Avalanche zone.
11:49 of 3rd period - Icing by Adam Pardy.
11:50 of 3rd period - Martin Hanzal wins face-off versus Pavel Zacha in Devils zone.
13:12 of 3rd period - Shot by Ales Hemsky.
13:12 of 3rd period - Shot Misses the Net.
13:35 of 3rd period - Icing by Justin Schultz.
13:36 of 3rd period - Mike Cammalleri wins face-off versus Martin Hanzal in Devils zone.
14:33 of 3rd period - Shot by Mats Zuccarello.
14:33 of 3rd period - Stopped by Michal Neuvirth without a rebound.
14:34 of 3rd period - Matt Cullen wins face-off versus Pavel Zacha in Devils zone.
14:41 of 3rd period - Pavel Zacha is hit by Mats Zuccarello and loses puck.
14:59 of 3rd period - Icing by Brandon Carlo.
15:00 of 3rd period - Matt Cullen wins face-off versus Jordan Staal in Avalanche zone.
15:52 of 3rd period - Scott Wilson is hit by Kevin Shattenkirk and loses puck.
16:01 of 3rd period - Shot by Scott Wilson.
16:01 of 3rd period - Shot Misses the Net.
16:07 of 3rd period - Shot by Ales Hemsky.
16:07 of 3rd period - Stopped by Jimmy Howard without a rebound.
16:08 of 3rd period - Tomas Hertl wins face-off versus Pavel Zacha in Avalanche zone.
17:14 of 3rd period - Icing by Tyson Barrie.
17:15 of 3rd period - Jordan Staal wins face-off versus Derek Stepan in Avalanche zone.
17:16 of 3rd period - Shot by Dougie Hamilton.
17:16 of 3rd period - Stopped by Jimmy Howard with a rebound.
17:59 of 3rd period - Icing by Shayne Gostisbehere.
18:00 of 3rd period - Jordan Staal wins face-off versus Tomas Hertl in Devils zone.
18:00 of 3rd period - Jordan Staal is hit by Dylan Larkin.
18:11 of 3rd period - Mike Cammalleri is hit by Zach Werenski and loses puck.
18:20 of 3rd period - Shot by Max Domi.
18:20 of 3rd period - Shot Misses the Net.
18:22 of 3rd period - Shot by Zach Werenski.
18:22 of 3rd period - Goal by Zach Werenski - Devils : 2 - Avalanche : 3.
18:23 of 3rd period - Martin Hanzal wins face-off versus Darren Helm in neutral zone.
18:28 of 3rd period - Nikolay Kulemin is hit by Martin Hanzal and loses puck.
18:40 of 3rd period - Shot by Darren Helm.
18:40 of 3rd period - Stopped by Jimmy Howard with a rebound.
18:56 of 3rd period - Shot by Nikolay Kulemin.
18:56 of 3rd period - Shot Blocked by Sami Vatanen.
19:06 of 3rd period - Anton Stralman is hit by Martin Hanzal and loses puck.
19:17 of 3rd period - Devils, Michal Neuvirth is pulled from the net.
19:21 of 3rd period - Shot by Justin Schultz.
19:21 of 3rd period - Shot Misses the Net.
19:23 of 3rd period - Shot by Anton Stralman.
19:23 of 3rd period - Shot Misses the Net.
19:25 of 3rd period - Shot by Anton Stralman.
19:25 of 3rd period - Shot Blocked by Sami Vatanen.
19:51 of 3rd period - Justin Schultz is hit by Sami Vatanen and loses puck.
Goals for this period are 0 for Devils vs 1 for Avalanche.
Shots for this period are 6 for Devils vs 10 for Avalanche.